 Dungeon Crawl Stone Soup version 0.30-a0-40-gc6d0f036a7 (webtiles) character file.

Game seed: 388676420395516879

8131 zishaf the Zephyrmancer (level 11, -1/67 HPs)
             Began as a Tengu Air Elementalist on Aug 26, 2022.
             Was an Initiate of Ashenzari.
             Killed by their own static electricity (4 damage)
             ... on level 7 of the Dungeon on Aug 29, 2022.
             The game lasted 00:24:25 (15719 turns).

zishaf the Zephyrmancer (Tengu Air Elementalist)   Turns: 15719, Time: 00:24:26

Health: -1/67      AC:  8    Str:  8    XL:     11   Next: 26%
Magic:  3/16       EV: 14    Int: 20    God:    Ashenzari [......]
Gold:   258        SH:  5    Dex: 15    Spells: 1/16 levels left

rFire   . . .      SeeInvis .    p - +1 dagger of the Cryptic Suspicion {Melee, Comp} (curse)
rCold   + . .      Faith    .    f - +0 buckler
rNeg    . . .      Spirit   .    w - +2 leather armour {rC+}
rPois   .          Reflect  .    (helmet restricted)
rElec   .          Harm     .    o - +0 cloak
rCorr   .          Rampage  .    J - +1 pair of gloves {Stlth+}
Will    .....                    (boots unavailable)
Stlth   +++.......               (no amulet)
HPRegen 0.21/turn                (no ring)
MPRegen 0.15/turn                (no ring)

@: flying quickly and evasively, quick
A: beak, talons 3, nimble flight
a: Renounce Religion, Shatter the Chains


You were on level 7 of the Dungeon.
You worshipped Ashenzari.
Ashenzari was noncommittal.
You visited 2 branches of the dungeon, and saw 9 of its levels.
You also visited: Ossuary.

You collected 346 gold pieces.
You spent 88 gold pieces at shops.

Inventory:

Hand Weapons
 p - the cursed +1 dagger of the Cryptic Suspicion (weapon) {Melee, Comp}
   (You took it off an orc wizard on level 3 of the Dungeon)

   It has a curse which improves the following skills: Melee Combat: Short
   Blades, Long Blades, Axes, Maces & Flails, Polearms, Staves and Unarmed
   Combat.
   Companions: Summonings and Necromancy.
Armour
 a - a +0 robe
 f - a +0 buckler (worn)
 o - a +0 cloak (worn)
 w - a +2 leather armour of cold resistance (worn)
 C - a +1 robe of willpower
 D - a +0 tower shield
 J - a +1 pair of gloves of stealth (worn)
Magical Staves
 B - a staff of poison
Jewellery
 e - a ring of ice
 h - a +4 ring of evasion
 y - an amulet of regeneration
Wands
 i - a wand of charming (9)
 u - a wand of flame (49)
 A - a wand of mindburst (15)
Scrolls
 g - 2 scrolls of immolation
 r - 5 scrolls of teleportation
 E - a scroll of poison
 G - a scroll of enchant weapon
 H - a scroll of enchant armour {unknown}
Potions
 b - a potion of attraction
 c - 4 potions of curing
 d - a potion of resistance
 j - a potion of flight
 k - a potion of magic
 m - a potion of invisibility
 n - a potion of mutation
 q - a potion of might
 s - 2 potions of brilliance
 t - 3 potions of haste
 v - a potion of berserk rage
 z - 2 potions of lignification
Miscellaneous
 x - a box of beasts
 I - a condenser vane


   Skills:
 + Level 7.4 Fighting
 + Level 2.9 Armour
 + Level 3.7 Dodging
 - Level 2.0 Stealth
 - Level 5.0 Shields
 - Level 3.0 Spellcasting
 + Level 9.9 Conjurations
 + Level 13.9 Air Magic
 - Level 2.0 Poison Magic
 - Level 4.0 Evocations


You had one spell level left.
You knew the following spells:

 Your Spells              Type           Power      Damage    Failure   Level
a - Shock                 Conj/Air       100%       1d9       1%          1
b - Airstrike             Air            28%        2d(4-20)  1%          4
c - Lightning Bolt        Conj/Air       25%        1d41      5%          5
z - Mephitic Cloud        Conj/Pois/Air  37%        N/A       2%          3
A - Static Discharge      Conj/Air       100%       3-10/arc  1%          2

Your spell library contained the following spells:

 Spells                   Type           Power      Damage    Failure   Level
 Sting                    Tmut/Pois      28%        1d4       17%         1
 Poisonous Vapours        Pois/Air       68%        N/A       1%          2
 Swiftness                Air            56%        N/A       1%          3
 Freezing Cloud           Conj/Ice/Air   17%        6-21      26%         5
 Wereblood                Tmut           3%         N/A       36%         2
 Silence                  Hex/Air        15%        N/A       38%         5
 Ignite Poison            Fire/Tmut/Pois 5%         N/A       52%         3
 Gell's Gravitas          Tloc           3%         N/A       58%         3
 Teleport Other           Tloc           3%         N/A       58%         3
 Passage of Golubria      Tloc           3%         N/A       94%         4
 Alistair's Intoxication  Tmut/Pois      4%         N/A       99%         5
 Maxwell's Capacitive Co  Air            28%        ∞         99%         8
 Borgnjor's Vile Clutch   Necr/Erth      1%         N/A       100%        5
 Summon Forest            Summ/Tloc      1%         N/A       100%        5
 Dispersal                Tloc           1%         N/A       100%        6
 Eringya's Noxious Bog    Tmut/Pois      3%         N/A       100%        6
 Storm Form               Tmut/Air       15%        N/A       100%        7
 Summon Hydra             Summ           1%         N/A       100%        7
 Lehudib's Crystal Spear  Conj/Erth      11%        10d4      100%        8


Dungeon Overview and Level Annotations

Branches:
Dungeon (8/15)             Temple (1/1) D:6         Ossuary (visited)
   Lair: D:8-11

Altars:
Ashenzari
Cheibriados
Dithmenos
Elyvilon
Gozag
Kikubaaqudgha
Nemelex Xobeh
Okawaru
Qazlal
Ru
Sif Muna
Trog
Vehumet
Wu Jian
Yredelemnul
Zin
The Shining One

Shops:
D:1 !

Annotations:
D:3 3 runed translucent doors, ponyjar's ghost, amateur OpTm
D:8 Erica


Innate Abilities, Weirdness & Mutations

You have a beak for a mouth.
You have claws for feet.
Your magical nature lets you fly swiftly and evasively.


Message History

You are struck by an arc of lightning.
* * * LOW HITPOINT WARNING * * *
The lightning grounds out.
The hellwing hits you but does no damage.
You block the hellwing's attack. The hellwing misses you.
The hellwing hits you.
* * * LOW HITPOINT WARNING * * *
You fly upwards.
There is a stone staircase leading down here.
You feel much better. The hellwing hits you!
* * * LOW HITPOINT WARNING * * *
The hellwing barely misses you.
Unknown command.
Casting: Static Discharge (safe; 1% risk of failure)
Confirm with . or Enter, or press ? or * to list all spells.
The hellwing is struck by an arc of lightning!
The hellwing is heavily wounded.
You are struck by an arc of lightning.
* * * LOW HITPOINT WARNING * * *
The lightning grounds out.
The hellwing hits you!
* * * LOW HITPOINT WARNING * * *
You block the hellwing's attack.
Casting: Static Discharge (safe; 1% risk of failure)
Confirm with . or Enter, or press ? or * to list all spells.
The hellwing is struck by an arc of lightning!
The hellwing is severely wounded.
You are struck by an arc of lightning.
* * * LOW HITPOINT WARNING * * *
The hellwing is struck by an arc of lightning.
The hellwing is severely wounded.
You are struck by an arc of lightning.
* * * LOW HITPOINT WARNING * * *
The lightning grounds out.
You block the hellwing's attack.
The hellwing hits you but does no damage.
Casting: Static Discharge (safe; 1% risk of failure)
Confirm with . or Enter, or press ? or * to list all spells.
The hellwing is struck by an arc of lightning!
The hellwing is almost dead.
You are struck by an arc of lightning.
You die...

........#.### #.................
.###[##.#...####.######..........
.# #.##.###..#.#.#...............
.# #.##.####.#.#.#.####..........
.###.##..........#.# #....######
.#.#.##.####.#.#...# #....#
.#.#....# #...#..## #....#
.#.#.##.# ##....4# #....#
.#.#.##.# ##..@## #....#
.#.#.##.######.#)# #....######
.#.#...).....#.#.# ####.......
.#.#...........#[# #.###.##
........####.###)#########.###.#
.#.#..### #.###.#<............#
...#..# #...............###.#
...#..# ################# #.#
##.#..# #.#


You could see a hellwing.

Vanquished Creatures
  A two-headed ogre (D:6)
  A deep elf pyromancer (D:7)
  3 centaur zombies (D:8)
  A cyclops (D:7)
  Joseph (D:7)
  2 centaur skeletons (D:8)
  A gargoyle (D:7)
  A hellwing (D:8)
  A troll (D:6)
  Sigmund (D:2)
  A wyvern (D:5)
  A shadow (D:7)
  A wraith (D:7)
  A yak (D:6)
  A basilisk (D:7)
  Duvessa (D:7)
  Menkaure (D:7)
  2 water moccasins (D:7)
  2 ice beasts (D:6)
  A sky beast (D:6)
  An orc warrior (D:7)
  4 black bears
  2 ogres
  2 centaurs
  A phantom (D:6)
  5 scorpions
  2 bullfrogs (D:6)
  Dowan (D:7)
  5 howler monkeys
  A hound (D:6)
  7 orc priests
  4 iguanas
  Ijyb (D:4)
  12 orc wizards
  A statue (D:4)
  3 mummies (Ossuary)
  10 gnolls
  6 adders
  A shadow imp (D:8)
  3 white imps
  An ufetubus (D:5)
  4 adder zombies (Ossuary)
  7 worms
  4 dart slugs
  36 orcs
  6 endoplasms
  2 giant cockroaches
  A gnoll zombie (Ossuary)
  6 goblins
  7 hobgoblins
  4 jackals (D:3)
  4 quokkas
  8 ball pythons
  2 bats (D:2)
  12 frilled lizards
  A goblin zombie (Ossuary)
  3 hobgoblin zombies (Ossuary)
  5 kobolds
  6 kobold zombies (Ossuary)
  2 quokka zombies (Ossuary)
  6 rats
  A rat zombie (Ossuary)
225 creatures vanquished.

Vanquished Creatures (others)
  3 fungi (D:4)
  4 withered plants (D:8)
7 creatures vanquished.

Grand Total: 232 creatures vanquished

Notes
Turn   | Place    | Note
-------+----------+-------------------------------------------
     0 | D:1      | zishaf the Tengu Air Elementalist began the quest for the
                  | Orb.
     0 | D:1      | Reached XP level 1. HP: 10/10 MP: 4/4
   378 | D:1      | Found Enot's Distillery.
   405 | D:1      | Reached XP level 2. HP: 16/16 MP: 1/6
   480 | D:1      | Found a faded altar of an unknown god.
   682 | D:1      | Bought a potion of curing for 33 gold pieces
   835 | D:1      | Reached skill level 1 in Fighting
   909 | D:1      | Reached XP level 3. HP: 14/20 MP: 0/7
  1305 | D:2      | Reached skill level 5 in Air Magic
  1522 | D:1      | Learned a level 2 spell: Static Discharge
  1526 | D:1      | Learned a level 3 spell: Mephitic Cloud
  1536 | D:2      | Noticed Sigmund
  1542 | D:2      | Killed Sigmund
  1543 | D:2      | Reached skill level 6 in Air Magic
  1543 | D:2      | Reached skill level 1 in Poison Magic
  1543 | D:2      | Reached XP level 4. HP: 4/26 MP: 5/8
  1543 | D:2      | Gained mutation: Your magical nature lets you fly swiftly
                  | and evasively. [Tengu growth]
  1543 | D:2      | Reached XP level 5. HP: 5/30 MP: 5/9
  2333 | D:2      | Reached XP level 6. HP: 35/35 MP: 2/10
  2357 | D:1      | Bought a potion of heal wounds for 55 gold pieces
  3371 | D:3      | Found a white marble altar of Elyvilon.
  3474 | D:3      | Found a runed translucent gate.
  3475 | D:3      | Found a runed translucent gate.
  3475 | D:3      | Noticed ponyjar's ghost (amateur OpTm)
  3476 | D:3      | Found a runed translucent gate.
  3591 | D:3      | Learned a level 4 spell: Airstrike
  3946 | D:4      | Found a sand-covered staircase.
  4076 | Ossuary  | Entered an ossuary
  4641 | Ossuary  | Reached skill level 7 in Air Magic
  4641 | Ossuary  | Reached XP level 7. HP: 5/40 MP: 1/12
  5203 | D:4      | Found a shimmering blue altar of Sif Muna.
  5418 | D:4      | Noticed Ijyb
  5427 | D:4      | Killed Ijyb
  5656 | D:4      | Reached skill level 1 in Shields
  6071 | D:4      | Found a radiant altar of Vehumet.
  6803 | D:5      | Entered Level 5 of the Dungeon
  7122 | D:5      | Reached skill level 8 in Air Magic
  7273 | D:5      | Reached skill level 5 in Conjurations
  7273 | D:5      | Reached XP level 8. HP: 37/46 MP: 8/13
  7841 | D:5      | Noticed a wyvern
  7921 | D:5      | Killed a wyvern
  7922 | D:5      | Reached skill level 9 in Air Magic
  9159 | D:6      | Reached skill level 10 in Air Magic
  9159 | D:6      | Reached XP level 9. HP: 32/52 MP: 7/14
  9676 | D:6      | Found a staircase to the Ecumenical Temple.
  9803 | Temple   | Entered the Ecumenical Temple
  9834 | Temple   | Became a worshipper of Ashenzari the Shackled
  9935 | D:6      | Reached skill level 5 in Fighting
 10194 | D:6      | Noticed a troll
 10198 | D:6      | Killed a troll
 10199 | D:6      | Reached skill level 11 in Air Magic
 10269 | D:6      | Noticed a two-headed ogre
 10304 | D:6      | Killed a two-headed ogre
 10836 | D:7      | Reached skill level 5 in Shields
 10955 | D:7      | Reached skill level 12 in Air Magic
 10955 | D:7      | Reached skill level 1 in Evocations
 10955 | D:7      | Reached XP level 10. HP: 56/60 MP: 10/15
 10965 | D:6      | Upgraded the game from 0.30-a0-29-g142975f185 to
                  | 0.30-a0-40-gc6d0f036a7
 11376 | D:7      | Noticed Duvessa
 11378 | D:7      | Noticed Dowan
 11391 | D:7      | Killed Duvessa
 11846 | D:7      | Noticed a gargoyle
 11846 | D:7      | Noticed a deep elf pyromancer
 12125 | D:7      | Killed a gargoyle
 12198 | D:7      | Noticed Menkaure
 12209 | D:7      | Killed a deep elf pyromancer
 12345 | D:7      | Identified the +3 shortbow of Valour {speed, rElec rN+
                  | Str+4 Int-3}
 12377 | D:7      | Reached skill level 13 in Air Magic
 12902 | D:7      | Killed Menkaure
 13239 | D:7      | Noticed a cyclops
 13250 | D:7      | Killed a cyclops
 13894 | D:7      | Identified a scroll of acquirement
 13894 | D:7      | Acquired Haycudang's Monograph on Permutations and Ozone
 13902 | D:7      | Learned a level 5 spell: Lightning Bolt
 13978 | D:8      | Noticed Joseph
 13979 | D:8      | Noticed Erica
 13986 | D:7      | Killed Joseph
 14803 | D:7      | Killed Dowan
 14804 | D:7      | Reached skill level 1 in Armour
 14980 | D:8      | Reached XP level 11. HP: 25/67 MP: 0/16
 15718 | D:7      | HP: 2/67 [/static electricity (3)]
 15719 | D:7      | Killed from afar by themself

Illustrated notes

Levels and vault maps discovered:
D:1:      tarquinn_simple_flora_water_f, layout_rooms, serial_shops, shop,
          shapermc_ecumenical_altar_flowoftime, minmay_lizard_pond
D:2:      layout_rooms, minmay_misc_feat_roman, grunt_decor_one_mirror,
          hex_tiny, corexii_leaking_fountain, uniq_sigmund
D:3:      cheibrodos_helix_gallery, layout_basic, elyvilon_altar_3,
          gammafunk_ghost_nasty_kobolds
D:4:      layout_basic, vehumet_statue, mainiacjoe_overflow_cross_hatched,
          enter_ossuary_1, nicolae_wormholes, uniq_ijyb
D:5:      minmay_chambers_of_fours, layout_loops_ring,
          minmay_misc_feat_nine_boxes
D:6:      minmay_chambers_of_sixes, layout_loops_corners,
          minmay_temple_entry_hall, minivault_23
D:7:      minmay_the_grid_triangle_9x9_recursive_2
          [minmay_the_grid_triangle_9x9_prize_center,
          minmay_the_grid_triangle_9x9_wacky_v,
          minmay_the_grid_triangle_9x9_pentomino_pain,
          minmay_the_grid_triangle_9x9_corruption], layout_basic, uniq_menkaure,
          uniq_duvessa
D:8:      cheibrodos_grave_circle, layout_loops_ring, lightli_temple_of_fire,
          uniq_erica, uniq_joseph
Temple:   compressed_dpeg_circular_temple

Skill      XL: |  1  2  3  4  5  6  7  8  9 10 11 |
---------------+----------------------------------+-----
Conjurations   | 2 3 4 5 6 8 9 |  9.9
Fighting       | 1 2 3 4 5 7 |  7.4
Air Magic      | 6 7 8 10 12 13 | 13.9
Poison Magic   | 1 2 |  2.0
Spellcasting   | 3 |  3.0
Shields        | 2 3 5 |  5.0
Evocations     | 1 4 |  4.0
Armour         | 1 2 |  2.9
Dodging        | 3 |  3.7
Stealth        | |  2.0

Action                   |  1- 3 |  4- 6 |  7- 9 | 10-12 || total
-------------------------+-------+-------+-------+-------++-------
Melee: Unarmed           |    19 |    19 |       |       ||    38
       Kick              |     4 |    13 |    17 |     2 ||    36
       Peck              |     2 |     8 |    11 |       ||    21
       Dagger            |       |    18 |    42 |    10 ||    70
 Cast: Shock             |    52 |    99 |    86 |     4 ||   241
       Static Discharge  |     4 |    25 |    85 |    78 ||   192
       Mephitic Cloud    |       |       |     2 |       ||     2
       Airstrike         |       |       |       |     6 ||     6
       Lightning Bolt    |       |       |       |     3 ||     3
Invok: Curse Item        |       |       |       |     1 ||     1
Evoke: Wand              |       |       |     4 |       ||     4
  Use: Potion            |     2 |       |       |     1 ||     3
       Scroll            |       |     9 |     9 |     2 ||    20
Armor: Robe              |     2 |     9 |       |       ||    11
       Leather armour    |       |       |    22 |    37 ||    59
Dodge: Dodged            |    26 |    60 |    79 |    52 ||   217
Block: Buckler           |       |       |    20 |    28 ||    48

Table legend: (Time is in decaauts)
 A = Elapsed time spent in this place.
 B = Non-inter-level travel time spent in this place.
 C = Inter-level travel time spent in this place.
 D = Time resting spent in this place.
 E = Time spent auto-exploring this place.
 F = Levels seen in this place.
 G = Mean time per level.
                   A        B        C        D        E       F      G
               +--------+--------+--------+--------+--------+-----+--------+
         Total |  15231 |  14665 |    566 |   4076 |   8687 |  10 | 1523.1 |
       Dungeon |  14248 |  13710 |    538 |   3556 |   8462 |   8 | 1781.0 |
        Temple |     56 |     28 |     28 |      0 |      0 |   1 |   56.0 |
       Ossuary |    926 |    926 |      0 |    520 |    224 |   1 |  926.0 |
               +--------+--------+--------+--------+--------+-----+--------+

Top non-repeatable levels by time:
     D:7: 3794 daAuts
     D:6: 3208 daAuts
     D:4: 2052 daAuts
     D:1: 1530 daAuts
     D:5: 1442 daAuts
     D:2: 1147 daAuts
     D:3: 1000 daAuts
 Ossuary: 926 daAuts
     D:8: 74 daAuts
  Temple: 56 daAuts
